Match 41555774
Unlisted

Match 41555774
End
Kettenkrad Recon Vehicle
Construct Infanterie Kompanie
Grenadier Squad
MG 42 Machine Gun Team
Grenadier Squad
Infanterie Officer Quarters
Sniper
Construct Panzergrenadier Kompanie
Panzergrenadier Squad
Pak 40 Anti-tank Gun Team
Panzergrenadier Officer Quarters
Support Elements
Nebelwerfer 42 Rocket Launcher Team
Medical Bunker
Selects Terror Battlegroup
StuG III G Assault Gun
Selects Interrogate
Selects Propaganda Leaflet Drop
Nebelwerfer 42 Rocket Launcher Team
Panzergrenadier Squad
Side Skirts
StuG III G Assault Gun
Selects Machine Gun Camouflage
MG 42 Machine Gun Team
Selects Machine Gun Camouflage
Selects Defend the Fatherland
Selects King Tiger Heavy Tank
King Tiger Heavy Tank
StuG III G Assault Gun
Medical Bunker
StuG III G Assault Gun
Pioneer Squad
Selects V1 Rocket Strike
MG 42 Machine Gun Team
Repair Bunker
King Tiger Heavy Tank
KevinTDW
Sifu
FooKilla
CAPTAINSTRONG
0
0

Comments sign in to comment!

No comments posted yet!